 Dungeon Crawl Stone Soup version 0.29.1-debian-1-gc3f1650bb9 (webtiles) character file.

Game seed: 13161077707273222701

53 ytrimaz the Trooper (level 3, 0/45 HPs)
             Began as a Demonspawn Gladiator on Sept 12, 2022.
             Hit by a goblin thrown by Robin (2 damage)
             ... on level 3 of the Dungeon.
             The game lasted 00:01:52 (1864 turns).

ytrimaz the Trooper (Demonspawn Gladiator)          Turns: 1864, Time: 00:01:52

Health: 0/45       AC: 21    Str: 20    XL:     3   Next: 64%
Magic:  3/3        EV:  2    Int:  8    God:
Gold:   82         SH:  0    Dex: 13    Spells: 2/2 levels left

rFire   . . .      SeeInvis .   a - +0 war axe
rCold   . . .      Faith    .   (no shield)
rNeg    . . .      Spirit   .   (body armour currently unavailable)
rPois   +          Reflect  .   (helmet currently unavailable)
rElec   .          Harm     .   (cloak currently unavailable)
rCorr   .          Rampage  .   (gloves currently unavailable)
Will    .....      NoTele   +   (boots currently unavailable)
Stlth   +.........              (no amulet)
HPRegen 0.15/turn               (no ring)
MPRegen 0.08/turn               (no ring)

@: brilliant, tree-form, hasted, very quick
A: stationary, stasis, torment immunity, boosted hp, demonic guardian 1, (fire
resistance 1), strong 1
a: no special abilities


You were on level 3 of the Dungeon.
You were a tree.
You visited 1 branch of the dungeon, and saw 3 of its levels.

You collected 82 gold pieces.


Innate Abilities, Weirdness & Mutations

You are a tree.
Your roots penetrate the ground, keeping you stationary.
You cannot be teleported.
You are immune to unholy pain and torment.
Your maximum health is greatly increased.
Your equipment is partially melded.
A weak demonic guardian rushes to your aid.
((Your flesh is heat resistant. (rF+)))
Your muscles are strong. (Str +4, Int/Dex -1)


   Skills:
 * Level 3.6 Fighting
 - Level 3.1 Axes
 - Level 1.7 Throwing
 - Level 2.6 Dodging


You had 2 spell levels left.
You didn't know any spells.
Your spell library was empty.

Inventory:

Hand Weapons
 a - a +0 war axe (weapon)
Missiles
 d - 3 throwing nets (quivered)
 e - a javelin
Armour
 b - a +0 leather armour (melded)
 c - a +1 helmet (melded)
 g - a +0 pair of gloves (melded)
   (You found it on level 1 of the Dungeon)

Dungeon Overview and Level Annotations

Branches:
Dungeon (3/15) Zot: 16111

Altars:
Wu Jian

Shops:
D:1 [

Annotations:
D:3 Robin

. .. #######
.(. #..$..#
J... #.....
...ā™£.
#...g##g..._)
#..5gā™£g.g....
#..)g##......
##.....#######
#.......##
#........#
#........#
##.#.#<#.#
#.#.#.#.#
#.#.#.#.#


You could see Robin, an endoplasm, a hobgoblin (strong), 4 goblins and a
friendly iron imp (summoned).


Message History

The goblin shouts! x2
A goblin comes into view. It is wielding a +0 club.
You barely miss the endoplasm.
The endoplasm jiggles.
The endoplasm freezes you.
You are frozen.
Robin of the Strong Arm comes into view.
They are wielding a +6 whip of electrocution and wearing the +0 helmet "Aruotexy" {Rampage}.
A hobgoblin comes into view. šŸ˜• HP[-4]
You take 4 damage, and now have 25/29 hp.
Found an ornate altar of the Wu Jian Council.
The endoplasm hits you but does no damage.
A goblin comes into view. It is wielding a +0 spear.
Unknown command.
Unknown command.
It was a potion of curing.
You feel better.
The goblin shouts!
The endoplasm freezes you.
You are frozen.
Robin roars a battlecry!
The goblins go into a battle-frenzy!
You hear a shout! šŸ˜• HP[+1] It was a potion of brilliance.
You feel clever all of a sudden.
A goblin comes into view. It is wielding a +0 club.
The endoplasm barely misses you. The goblin hits you but does no damage.
Robin throws the goblin at you! šŸ˜• HP[-1]
You take 1 damage, and now have 25/29 hp.
It was a potion of mutation.
You feel extremely strange.
You feel stronger.
You feel resistant to heat. The endoplasm barely misses you.
The goblin closely misses you.
The goblin hits you but does no damage. x2
You barely miss the goblin. You slash the endoplasm!
You kill the endoplasm!
You barely miss the goblin. You slash the goblin!
You kill the goblin!
You closely miss the goblin. Robin throws the goblin at you!
The goblin closely misses you. The goblin misses you.
Unknown command.
The goblin attacks as you move away! The goblin barely misses you.
A goblin comes into view. It is wielding a +0 dagger.
The goblin closely misses you. The goblin barely misses you.
The goblin misses you. x2 šŸ˜• HP[+1]
You barely miss the goblin.
The goblin shouts!
You hit the goblin. You slash the goblin!
You kill the goblin!
You closely miss the goblin. The goblin misses you.
Robin throws the goblin at you!
The goblin hits you from afar with a +0 spear.
A demonic guardian appears!
The goblin barely misses you. The goblin hits you with a +0 club.
The goblin closely misses you. The goblin hits you with a +0 club.
The goblin closely misses you. The goblin hits you with a +0 club.
An endoplasm comes into view.
The goblin hits you with a +0 club.
The goblin hits you from afar with a +0 spear!
* * * LOW HITPOINT WARNING * * *
šŸ˜Ø HP[-18]
You take 18 damage, and now have 8/29 hp.
MASSIVE DAMAGE!! (PAUSE) It was a potion of haste.
You feel yourself speed up. The goblin hits you with a +0 club.
* * * LOW HITPOINT WARNING * * *
The goblin barely misses you. The goblin closely misses you.
The goblin barely misses you. The goblin hits you with a +0 club.
* * * LOW HITPOINT WARNING * * *
šŸ˜± HP[-3]
You take 3 damage, and now have 5/29 hp.
Unknown command.
It was a potion of flight.
You feel very buoyant.
You fly up into the air.
Your iron imp hits the goblin.
The goblin dies!
It was a potion of lignification.
You turn into a tree.
Your +1 helmet melds into your body.
Your +0 pair of gloves melds into your body.
Your +0 leather armour melds into your body.
Your roots penetrate the ground.
The goblin hits you but does no damage. x3
The goblin hits you with a +0 club.
* * * LOW HITPOINT WARNING * * *
šŸ˜± HP[-2]
You now have 43 max hp (+14).
You slash the goblin!
You kill the goblin!
You slash the goblin!
You kill the goblin!
You barely miss the goblin. You hit the goblin.
Your iron imp hits the goblin!
The goblin dies!
Robin throws the goblin at you! The goblin hits you with a +0 club.
* * * LOW HITPOINT WARNING * * *
Unknown command. šŸ˜± HP[-1]
You now have 45 max hp (+2).
You barely miss the goblin. You closely miss the goblin. x2
The goblin hits you but does no damage. x3; Robin throws the goblin at you!
You die...

Skill      XL: |  1  2 |
---------------+-------+-----
Axes           | 3 |  3.1
Fighting       | 3 |  3.6
Throwing       | |  1.7
Dodging        | |  2.6

Action                   || total
-------------------------++-------
Melee: War axe           ||    72
       Punch             ||     1
  Use: Scroll            ||     4
       Potion            ||     6
Armor: Leather armour    ||    31
       Skin              ||     6
Dodge: Dodged            ||    64

Levels and vault maps discovered:
D:1:      matt_arrival_los_fun, layout_rooms, serial_shops, nicolae_shop_trees,
          basic_ecumenical_altar, nicolae_titane
D:2:      layout_basic
D:3:      layout_basic, nicolae_overflow_crystal_walls,
          nzn_wu_jian_contemplation, dancing_weapons_uskayaw, serial_undead,
          serial_undead_e, serial_undead_a, serial_undead_c, serial_undead_f,
          serial_undead_c, hellmonk_ghost_happy_afterlife,
          kennysheep_generic_room_7, uniq_crazy_yiuf_cottage, uniq_terence,
          uniq_robin

Notes
Turn   | Place    | Note
-------+----------+-------------------------------------------
     0 | D:1      | ytrimaz the Demonspawn Gladiator began the quest for the
                  | Orb.
     0 | D:1      | Reached XP level 1. HP: 16/16 MP: 1/1
     0 | D:1      | magus.rc [v1.9.6]
   218 | D:1      | Found a faded altar of an unknown god.
   231 | D:1      | Gained mutation: A weak demonic guardian rushes to your
                  | aid. [demonic ancestry]
   231 | D:1      | Reached XP level 2. HP: 20/23 MP: 2/2
   538 | D:1      | Found Uskusta's Armour Boutique.
   569 | D:1      | Reached skill level 3 in Axes
   965 | D:1      | Reached skill level 3 in Fighting
  1103 | D:2      | Reached XP level 3. HP: 12/29 MP: 3/3
  1852 | D:3      | Identified the +0 helmet "Aruotexy" {Rampage}
  1852 | D:3      | Noticed Robin
  1853 | D:3      | Found an ornate altar of the Wu Jian Council.
  1856 | D:3      | Gained mutation: Your muscles are strong. (Str +4, Int/Dex
                  | -1) [potion of mutation]
  1856 | D:3      | Gained mutation: Your flesh is heat resistant. (rF+)
                  | [potion of mutation]
  1860 | D:3      | HP: 7/29 [goblin/+0 club[Robin] (1)]
  1862 | D:3      | HP: 3/43 [goblin/+0 club[Robin] (5)]
  1864 | D:3      | Hit by a goblin thrown by Robin

Vanquished Creatures
  An adder (D:2)
  A worm (D:2)
  A dart slug (D:1)
  A ball python (D:1)
  5 endoplasms
  2 giant cockroaches (D:1)
  4 hobgoblins
  3 kobolds
  A quokka (D:1)
  3 bats (D:2)
  2 frilled lizards
  7 goblins
  2 rats
33 creatures vanquished.

Vanquished Creatures (collateral kills)
  A hobgoblin (D:2)
  2 goblins (D:3)
3 creatures vanquished.

Grand Total: 36 creatures vanquished

Table legend:
 A = Non-vault XP
 B = Vault XP
 C = Vault XP percentage of total XP
 D = Non-vault monster count
 E = Vault monster count
 F = Vault count percentage of total count
                 A         B        C        D         E       F
            +---------+---------+-------+---------+---------+-------
      Total |      68 |       9 |  11.7 |      30 |       6 |  16.7
            +---------+---------+-------+---------+---------+-------
        D:1 |      33 |       0 |   0.0 |      17 |       0 |   0.0
        D:2 |      33 |       0 |   0.0 |      12 |       0 |   0.0
        D:3 |       2 |       9 |  81.8 |       1 |       6 |  85.7
            +---------+---------+-------+---------+---------+-------

Illustrated notes

Table legend:
 A = Kills in this place as a percentage of kills in entire the game.
 B = Kills by you in this place as a percentage of kills by you in the entire game.
 C = Kills by friends in this place as a percentage of kills by friends in the entire game.
 D = Other kills in this place as a percentage of other kills in the entire game.
 E = Experience gained in this place as a percentage of experience gained in the entire game.
 F = Experience gained in this place divided by the number of levels of this place that you have seen.
                   A       B       C       D       E      F
               +-------+-------+-------+-------+-------+----------------------
         Total | 100.0 | 100.0 | 100.0 |   N/A | 100.0 |  25.7
       Dungeon | 100.0 | 100.0 | 100.0 |   N/A | 100.0 |  25.7
               +-------+-------+-------+-------+-------+----------------------

Table legend: (Time is in decaauts)
 A = Elapsed time spent in this place.
 B = Non-inter-level travel time spent in this place.
 C = Inter-level travel time spent in this place.
 D = Time resting spent in this place.
 E = Time spent auto-exploring this place.
 F = Levels seen in this place.
 G = Mean time per level.
                   A        B        C        D        E       F      G
               +--------+--------+--------+--------+--------+-----+--------+
         Total |   1887 |   1847 |     40 |      0 |   1565 |   3 |  629.0 |
       Dungeon |   1887 |   1847 |     40 |      0 |   1565 |   3 |  629.0 |
               +--------+--------+--------+--------+--------+-----+--------+

Top non-repeatable levels by time:
     D:1: 1003 daAuts
     D:2: 858 daAuts
     D:3: 25 daAuts
